Map: Old Estate

Players

Twilo

  • Race: Terran Terran
  • Spawn Location: 3:00

meanderous

  • Race: Protoss Protoss
  • League: Gold
  • Spawn Location: 1:00

TKUifyousuck

  • Race: Zerg Zerg
  • Spawn Location: 3:00

Omnislash

  • Race: Terran Terran
  • Spawn Location: 1:00

Infamous - Winner!

  • Race: Protoss Protoss
  • League: Silver
  • Spawn Location: 7:00

Darius - Winner!

  • Race: Terran Terran
  • Spawn Location: 7:00

MrTwoFast - Winner!

  • Race: Terran Terran
  • Spawn Location: 9:00

tomski - Winner!

  • Race: Protoss Protoss
  • Spawn Location: 7:00

VOD

Have the link to the VOD?

Description

Time

  • Played on: March 24, 2018, 1:06 p.m.
  • Length: 15:36
Show
View Real Time Build Order
Export as new Build Order

Twilo Terran 

Build Orders:  

Get SALT Encoding   

  12  0:02  SCV  
  13  0:17  Supply Depot  
  13  0:20  SCV  
  14  0:32  SCV  
  14  0:34  Refinery  
  15  0:44  SCV  
  15  0:48  Barracks  
  16  0:56  SCV  
  17  1:08  SCV  
  18  1:21  SCV  
  19  1:33  SCV  
  19  1:39  Marine  
  21  1:44  Supply Depot  
  21  1:45  SCV  
  22  2:05  SCV  
  23  2:13  Command Center  
  23  2:17  SCV  
  23  2:22  Factory  
  24  2:28  Marine  
  25  2:34  Refinery  
  25  2:40  Supply Depot  
  25  2:43  SCV  
  26  2:46  Marine  
  27  2:53  Engineering Bay  
  27  3:04  Marine  
  28  3:05  SCV  
  29  3:14  Factory Tech Lab  
  29  3:18  SCV  
  30  3:20  Armory  
  30  3:22  Marine  
  31  3:30  SCV  
  32  3:42  Refinery  
  32  3:43  SCV  
  33  3:49  SCV  
  35  3:55  SCV  
  35  3:56  Marine  
  35  4:01  SCV  
  37  4:07  SCV  
  38  4:19  SCV  
  39  4:43  Marine  
  40  4:46  Thor  
  44  5:01  Marine  
  44  5:14  SCV  
  45  5:22  Refinery  
  45  5:24  Orbital Command  
  45  5:26  SCV  
  46  5:29  Thor  
  52  5:35  Starport  
  52  5:38  Starport  
  52  5:39  SCV  
  53  5:46  Supply Depot  
  53  5:48  Supply Depot  
  53  5:53  Marine  
  54  6:08  SCV  
  54  6:10  Supply Depot  
  54  6:11  Marine, Supply Depot  
  56  6:13  Starport  
  56  6:14  Missile Turret  
  56  6:15  Missile Turret  
  56  6:20  SCV  
  57  6:28  Missile Turret  
  57  6:30  Missile Turret  
  57  6:32  SCV  
  58  6:35  Supply Depot  
  58  6:36  Supply Depot, Missile Turret, SCV  
  59  6:44  SCV, Starport Reactor x2  
  60  6:48  SCV  
  60  6:53  Missile Turret  
  61  7:07  Starport Reactor  
  61  7:08  Thor  
  67  7:17  SCV  
  67  7:21  Marine  
  69  7:25  Viking  
  69  7:26  Viking  
  69  7:29  SCV, Terran Vehicle And Ship Armor Level 1  
  74  7:38  Armory  
  74  7:39  Marine  
  75  7:50  Viking x3  
  81  8:09  Viking x2  
  81  8:10  Viking  
  87  8:19  Thor  
  93  8:41  Viking x2  
  95  8:45  Terran Ship Weapons Level 1  
  97  9:18  Command Center  
  97  10:04  Supply Depot  
  97  10:06  Supply Depot  
  97  10:07  Supply Depot  
  97  10:19  SCV  
  98  10:26  Thor  
  104  10:28  Supply Depot  
  104  10:31  Supply Depot  
  104  10:32  Supply Depot  
  104  10:39  Factory  
  104  10:52  Supply Depot  
  104  10:53  Supply Depot  
  104  10:58  Supply Depot  
  104  11:05  Factory  
  104  11:23  Thor  
  110  11:26  Terran Vehicle And Ship Armor Level 2  
  110  11:29  Terran Ship Weapons Level 2  
  110  11:32  Viking x4  
  116  11:33  Viking x2  
  116  11:36  Factory Tech Lab  
  122  11:40  Factory  
  122  11:51  Factory Tech Lab  
  122  12:02  Viking x5  
  122  12:03  Viking  
  134  12:09  Thor x2  
  146  12:32  Viking x2  
  150  12:49  Viking x2  
  150  12:50  Viking  
  150  12:51  Viking  
  158  13:08  SCV  
  110  14:11  Viking x2  
  110  14:12  Viking x4  
  104  14:29  Factory Tech Lab  
Show
View Real Time Build Order
Export as new Build Order

meanderous Protoss 

Build Orders: Nexus First 

Get SALT Encoding   

  12  0:02  Probe  
  14  0:14  Probe  
  14  0:27  Pylon  
  14  0:30  Probe  
  15  0:57  Nexus  
  15  1:03  Probe  
  16  1:10  Gateway  
  16  1:15  Probe  
  17  1:40  Forge  
  17  1:43  Probe  
  18  1:49  Assimilator  
  18  1:53  Assimilator  
  18  1:55  Probe  
  18  1:59  Cybernetics Core  
  19  2:04  Pylon  
  19  2:09  Probe (Chrono Boost)  
  20  2:20  Probe x2 (Chrono Boost)  
  22  2:28  Probe (Chrono Boost)  
  22  2:29  Probe (Chrono Boost)  
  24  2:34  Probe (Chrono Boost)  
  24  2:36  Probe (Chrono Boost)  
  26  2:47  Probe  
  26  2:48  Probe  
  28  2:53  Stargate  
  28  3:01  Probe  
  29  3:09  Probe  
  30  3:13  Probe, Assimilator  
  31  3:25  Probe  
  32  3:31  Probe  
  33  3:39  Stargate  
  33  3:43  Void Ray (Chrono Boost)  
  37  3:56  Probe (Chrono Boost)  
  37  4:00  Assimilator  
  38  4:05  Probe (Chrono Boost), Nexus  
  38  4:10  Probe (Chrono Boost)  
  38  4:13  Pylon  
  39  4:22  Probe  
  39  4:34  Probe, Void Ray  
  39  4:36  Void Ray  
  48  4:46  Probe  
  44  5:05  Probe  
  45  5:17  Probe  
  45  5:19  Void Ray  
  50  5:29  Probe  
  51  5:37  Stargate  
  51  5:41  Probe  
  52  5:50  Nexus  
  52  5:53  Probe  
  53  6:04  Pylon  
  53  6:16  Pylon  
  53  6:21  Void Ray  
  57  6:26  Pylon  
  57  6:31  Pylon  
  57  6:35  Probe  
  57  6:36  Pylon  
  58  6:49  Void Ray  
  58  6:50  Void Ray  
  66  7:05  Nexus  
  66  7:09  Void Ray  
  70  7:17  Fleet Beacon  
  70  7:18  Protoss Air Weapons Level 1  
  70  7:21  Cybernetics Core  
  70  7:25  Protoss Shields Level 1  
  70  7:31  Probe (Chrono Boost)  
  70  7:32  Void Ray  
  70  7:36  Assimilator  
  75  7:40  Assimilator  
  75  7:43  Probe (Chrono Boost)  
  76  7:48  Void Ray  
  76  7:49  Probe (Chrono Boost)  
  81  7:57  Probe  
  82  8:10  Probe (Chrono Boost)  
  82  8:11  Void Ray  
  87  8:17  Probe (Chrono Boost)  
  89  8:28  Probe (Chrono Boost)  
  89  8:32  Probe (Chrono Boost)  
  90  8:43  Probe  
  91  8:50  Void Ray x2  
  91  8:55  Probe  
Show
View Real Time Build Order
Export as new Build Order

TKUifyousuck Zerg 

Build Orders: Hatch First 

Get SALT Encoding   

  12  0:03  Drone  
  13  0:10  Drone  
  14  0:38  Hatchery  
  13  1:01  Spawning Pool  
  12  1:27  Hatchery  
  11  1:39  Drone x3  
  14  1:52  Zergling x4  
  16  2:04  Zergling x2  
  16  2:05  Zergling x2  
  18  2:13  Zergling x4  
  20  2:48  Zergling x12  
  20  2:50  Overlord  
  20  2:51  Overlord  
  26  3:30  Queen x3  
  32  3:37  Extractor  
  32  3:40  Extractor  
  30  3:54  Drone x3  
  33  3:56  Drone x2  
  33  3:57  Drone  
  33  4:00  Drone x2  
  33  4:01  Drone  
  39  4:44  Zergling x6  
  42  4:45  Overlord x2  
  42  4:46  Overlord  
  42  5:19  Lair  
  42  5:21  Metabolic Boost  
  42  5:23  Zergling x2  
  42  5:24  Zergling x10  
  42  5:25  Zergling x8  
  52  5:53  Drone  
  53  6:21  Spire  
  53  6:24  Hatchery  
  51  6:30  Drone x4  
  51  6:31  Drone x3  
  58  6:57  Overseer  
  58  7:10  Hydralisk Den  
  57  7:16  Drone x4  
  57  7:17  Drone x3  
  57  7:21  Extractor  
  63  7:24  Extractor  
  62  7:35  Mutalisk  
  62  7:36  Mutalisk x4  
  59  8:51  Mutalisk x2  
  63  9:00  Overlord x4  
  63  9:01  Overlord x5  
  63  9:14  Overlord x2  
  63  9:15  Overlord x2  
  61  9:27  Mutalisk x4  
  61  9:43  Zergling x16  
  69  9:49  Zergling x10  
  65  10:41  Hatchery  
Show
View Real Time Build Order
Export as new Build Order

Omnislash Terran 

Build Orders:  

Get SALT Encoding   

  12  0:04  SCV  
  13  0:16  SCV  
  15  0:28  SCV  
  15  0:57  Command Center  
  15  1:12  Supply Depot  
  15  1:33  SCV  
  15  1:37  Refinery  
  16  1:40  Refinery  
  16  1:45  SCV  
  17  1:58  SCV  
  18  2:10  SCV  
  18  2:11  Engineering Bay  
  19  2:16  SCV  
  19  2:22  SCV  
  21  2:28  SCV  
  22  2:34  SCV  
  23  2:40  SCV  
  24  2:46  SCV  
  25  2:53  SCV  
  27  2:58  SCV  
  27  3:05  SCV  
  28  3:10  SCV  
  29  3:17  SCV  
  30  3:22  SCV  
  28  3:29  SCV  
  28  3:41  SCV  
  4  7:26  Engineering Bay  
  4  7:53  Planetary Fortress  
  4  10:25  Command Center  
  4  10:40  Command Center  
  4  11:13  Refinery  
  4  11:19  Refinery  
  1  11:56  Command Center  
Show
View Real Time Build Order
Export as new Build Order

Infamous Protoss - Winner!

Build Orders: Colossus Rush 

Get SALT Encoding   

  12  0:01  Probe  
  13  0:13  Probe  
  14  0:19  Pylon  
  14  0:26  Probe  
  15  0:38  Gateway  
  15  0:40  Probe (Chrono Boost)  
  16  0:53  Probe (Chrono Boost)  
  17  0:58  Assimilator  
  17  1:00  Probe (Chrono Boost)  
  18  1:08  Probe  
  19  1:21  Probe (Chrono Boost)  
  20  1:27  Cybernetics Core  
  21  1:33  Probe (Chrono Boost)  
  21  1:41  Probe (Chrono Boost)  
  22  1:49  Pylon, Assimilator  
  22  1:52  Probe  
  23  2:00  Warp Gate (Chrono Boost)  
  23  2:07  Probe  
  24  2:22  Probe  
  25  2:26  Robotics Facility  
  24  2:38  Probe  
  24  2:42  Gateway  
  25  2:50  Nexus  
  25  2:51  Probe  
  26  2:52  Pylon  
  26  2:57  Adept  
  28  3:03  Probe  
  29  3:09  Pylon  
  29  3:13  Observer (Chrono Boost)  
  30  3:23  Probe  
  31  3:31  Immortal  
  35  3:35  Probe  
  35  3:39  Shield Battery  
  36  3:50  Probe, Robotics Bay  
  37  4:02  Stalker  
  39  4:04  Adept  
  41  4:10  Warp Prism (Chrono Boost)  
  43  4:27  Stalker  
  43  4:29  Stalker  
  47  4:33  Probe  
  47  4:34  Probe  
  49  4:43  Twilight Council  
  49  4:51  Forge  
  49  4:52  Probe (Chrono Boost)  
  51  4:57  Probe (Chrono Boost)  
  51  5:02  Probe (Chrono Boost)  
  51  5:05  Sentry  
  51  5:06  Probe (Chrono Boost), Sentry  
  57  5:22  Probe x2, Protoss Ground Weapons Level 1 (Chrono Boost)  
  57  5:28  Photon Cannon  
  59  5:34  Probe (Chrono Boost)  
  61  5:36  Probe (Chrono Boost)  
  61  5:37  Pylon  
  61  5:38  Assimilator  
  61  5:42  Assimilator  
  61  5:46  Probe (Chrono Boost)  
  62  5:59  Colossus (Chrono Boost)  
  68  6:05  Pylon  
  68  6:07  Pylon  
  68  6:28  Shield Battery  
  68  6:30  Photon Cannon  
  68  6:33  Photon Cannon  
  68  6:34  Photon Cannon  
  68  6:37  Probe (Chrono Boost)  
  68  6:39  Photon Cannon  
  70  6:40  Pylon  
  70  6:41  Stalker x2  
  70  6:43  Probe (Chrono Boost)  
  75  6:47  Probe (Chrono Boost)  
  75  6:51  Probe (Chrono Boost)  
  75  6:53  Probe  
  77  7:01  Probe  
  77  7:05  Probe, Stalker  
  77  7:07  Zealot  
  83  7:13  Probe  
  84  7:17  Probe  
  85  7:26  Probe, Immortal (Chrono Boost)  
  85  7:29  Probe  
  91  7:32  Stalker  
  93  7:38  Probe  
  93  7:41  Pylon  
  94  7:51  Gateway  
  94  7:53  Gateway  
  94  7:55  Gateway  
  94  7:59  Probe  
  95  8:09  Protoss Ground Weapons Level 2 (Chrono Boost)  
  89  8:13  Stalker  
  89  8:14  Stalker  
  93  8:29  Gateway  
  93  8:32  Gateway  
  93  8:33  Probe x2  
  95  8:34  Gateway  
  95  8:45  Templar Archives  
  99  8:49  Disruptor  
  98  9:06  Nexus  
  98  9:08  Assimilator  
  98  9:13  Assimilator  
  98  9:25  Extended Thermal Lance  
  98  9:36  High Templar x2  
  98  9:38  Pylon  
  102  9:43  Pylon, Archon  
  102  9:45  Psionic Storm  
  102  9:55  Colossus  
  102  9:56  Probe x2  
  110  10:02  Pylon  
  110  10:03  Pylon, Stalker x2  
  110  10:04  High Templar  
  110  10:06  Pylon, Zealot  
  118  10:09  Pylon  
  118  10:18  Probe  
  119  10:22  High Templar x4  
  119  10:28  Archon x2  
  127  10:31  Probe x3  
  130  10:44  Probe x3 (Chrono Boost)  
  133  10:56  Probe x2 (Chrono Boost)  
  136  10:59  Colossus (Chrono Boost)  
  136  11:00  Probe (Chrono Boost), Forge  
  142  11:04  Protoss Ground Armor Level 1 (Chrono Boost)  
  142  11:05  High Templar  
  142  11:07  Probe  
  142  11:10  Zealot x5  
  142  11:11  Zealot  
  157  11:15  Charge (Chrono Boost)  
  157  11:19  Probe  
  157  11:20  Probe x2  
  160  11:32  Probe  
  161  11:47  Photon Cannon  
  161  11:49  Photon Cannon  
  161  11:52  Photon Cannon  
  161  11:54  Photon Cannon  
  161  11:59  Pylon  
  161  12:00  Pylon  
  161  12:02  Shield Battery  
  161  12:03  High Templar  
  161  12:04  High Templar  
  161  12:05  Photon Cannon  
  161  12:08  Photon Cannon  
  165  12:09  Archon  
  165  12:10  Photon Cannon x2, Archon  
  165  12:14  Photon Cannon  
  165  12:17  Probe  
  166  12:24  Protoss Ground Weapons Level 3 (Chrono Boost)  
  166  12:25  Zealot x3  
  166  12:26  Zealot x3  
  178  12:45  High Templar  
  180  12:55  Protoss Ground Armor Level 2 (Chrono Boost)  
  180  13:01  Pylon  
  180  13:03  Pylon  
  180  13:05  Pylon  
  180  13:07  Pylon  
  180  13:43  High Templar x3  
  180  13:44  High Templar x5  
  194  14:41  Archon x2  
  194  14:42  Archon  
  194  14:45  Archon  
  194  14:46  High Templar x2  
  194  14:47  High Templar  
  200  15:17  Archon  
  200  15:23  Pylon x2  
  200  15:24  Nexus  
  200  15:25  Pylon  
  200  15:27  Pylon  
Show
View Real Time Build Order
Export as new Build Order

Darius Terran - Winner!

Build Orders:  

Get SALT Encoding   

  12  0:01  SCV  
  13  0:13  SCV  
  14  0:24  Supply Depot  
  14  0:25  SCV  
  15  0:39  Supply Depot  
  15  0:46  SCV  
  15  0:49  Supply Depot  
  16  1:02  Barracks  
  16  1:13  SCV  
  17  1:22  Refinery  
  17  1:25  SCV  
  18  1:29  Refinery  
  18  1:37  SCV  
  19  1:49  SCV  
  20  1:56  Barracks Tech Lab  
  20  2:01  SCV  
  21  2:09  Supply Depot  
  21  2:13  SCV  
  22  2:25  SCV  
  22  2:26  Marine  
  24  2:33  Supply Depot  
  24  2:37  SCV  
  24  2:44  Marine  
  26  3:05  Command Center  
  26  3:14  Factory  
  26  3:30  Orbital Command  
  26  3:52  Marine  
  27  3:59  Engineering Bay  
  27  4:00  Factory Tech Lab  
  27  4:09  Marine  
  28  4:24  SCV  
  28  4:27  Marine, SCV  
  31  4:32  Supply Depot  
  31  4:35  Hi-Sec Auto Tracking  
  31  4:36  SCV  
  32  4:40  SCV  
  32  4:41  Missile Turret x2  
  32  4:43  Missile Turret  
  32  4:45  Marine  
  34  4:48  SCV  
  34  4:52  SCV  
  36  5:00  SCV  
  36  5:03  Armory  
  36  5:04  SCV  
  38  5:12  SCV, Armory  
  39  5:16  SCV  
  39  5:21  Combat Shields  
  40  5:24  Siege Tank  
  43  5:30  SCV  
  43  5:32  SCV  
  45  5:42  SCV  
  46  5:44  SCV  
  47  5:51  Terran Vehicle And Ship Armor Level 1  
  47  5:54  SCV  
  49  6:02  Refinery  
  49  6:04  Refinery  
  49  6:06  SCV  
  49  6:11  Starport  
  49  6:19  SCV  
  50  6:26  Starport  
  50  6:32  Starport  
  50  6:33  Starport  
  50  6:46  SCV  
  51  6:52  Missile Turret x2  
  51  6:54  Missile Turret  
  51  6:58  SCV  
  52  7:05  Starport Tech Lab  
  52  7:06  Starport Tech Lab  
  52  7:10  SCV  
  52  7:13  Fusion Core  
  52  7:14  Starport Tech Lab x2  
  53  7:19  Terran Ship Weapons Level 1  
  53  7:22  SCV  
  54  7:23  Siege Tank  
  57  7:31  Missile Turret  
  57  7:46  Terran Vehicle And Ship Armor Level 2  
  57  7:51  Missile Turret  
  57  8:01  Weapon Refit  
  57  8:03  Missile Turret  
  57  8:06  Battlecruiser  
  63  8:15  Battlecruiser  
  69  8:37  Command Center  
  69  8:46  Battlecruiser  
  75  9:10  Battlecruiser  
  81  9:26  Terran Ship Weapons Level 2  
  81  9:54  Battlecruiser  
  87  10:26  Battlecruiser  
  87  10:28  Supply Depot  
  93  10:42  Supply Depot  
  93  10:43  Supply Depot  
  93  10:49  Terran Vehicle And Ship Armor Level 3  
  93  10:51  Supply Depot  
  93  10:56  Missile Turret  
  93  10:57  Missile Turret  
  93  11:06  Supply Depot x2  
  93  11:12  Battlecruiser  
  93  11:15  Supply Depot  
  99  11:23  Refinery  
  99  11:25  Refinery  
  99  11:30  Supply Depot  
  99  11:31  Supply Depot  
  99  11:40  SCV  
  100  11:47  Battlecruiser  
  100  11:52  SCV  
  107  12:04  SCV  
  108  12:11  Battlecruiser  
  114  12:16  SCV  
  115  12:25  Battlecruiser  
  115  12:29  SCV  
  122  12:40  Terran Ship Weapons Level 3  
  122  12:56  Missile Turret x2  
  122  12:59  Missile Turret  
  122  13:04  Planetary Fortress  
  122  13:12  Battlecruiser  
  128  13:26  Battlecruiser  
  134  13:44  Battlecruiser  
  140  14:03  Battlecruiser  
Show
View Real Time Build Order
Export as new Build Order

MrTwoFast Terran - Winner!

Build Orders:  

Get SALT Encoding   

  12  0:03  SCV  
  13  0:15  SCV  
  14  0:24  Supply Depot  
  14  0:31  SCV  
  15  0:45  SCV  
  16  0:50  Barracks  
  16  0:58  SCV  
  17  1:05  Refinery  
  17  1:10  SCV  
  18  1:16  Barracks  
  18  1:22  SCV  
  19  1:31  Refinery  
  19  1:34  SCV  
  20  1:43  Bunker  
  20  1:44  Marine  
  20  1:46  SCV  
  22  1:58  SCV  
  23  2:18  Orbital Command  
  23  2:27  Barracks Reactor  
  23  2:55  Marine  
  24  2:58  Command Center  
  24  3:00  Supply Depot  
  24  3:04  Supply Depot  
  24  3:09  Marine  
  24  3:10  Marine  
  26  3:13  Marine  
  27  3:27  Marine  
  27  3:28  Marine  
  27  3:29  Bunker  
  27  3:31  Marine  
  30  3:37  Engineering Bay  
  30  3:45  Marine x2  
  32  3:48  Marine  
  33  4:03  Marine x2  
  33  4:06  Marine  
  36  4:21  Marine x2  
  28  5:14  SCV  
  29  5:22  Marine  
  29  5:26  SCV  
  31  5:30  Building Armor, Factory  
  31  5:38  SCV  
  31  5:40  Marine  
  33  5:50  Missile Turret  
  33  5:53  Missile Turret  
  33  5:56  Refinery  
  33  5:58  Planetary Fortress  
  33  6:13  Missile Turret  
  33  6:25  Command Center  
  33  6:27  Refinery  
  33  6:32  Supply Depot, Factory Tech Lab  
  33  6:40  SCV  
  34  6:47  Refinery  
  34  6:52  SCV  
  34  6:54  Supply Depot  
  35  7:04  Starport, SCV  
  35  7:06  Siege Tank  
  39  7:10  Hi-Sec Auto Tracking  
  39  7:16  Missile Turret, SCV  
  40  7:28  SCV x2  
  42  7:37  Supply Depot  
  42  7:39  Siege Tank  
  42  7:40  SCV x2  
  47  7:51  SCV  
  48  7:53  SCV  
  49  7:59  Refinery  
  49  8:01  Supply Depot  
  49  8:03  SCV  
  50  8:07  Neosteel Frame  
  50  8:08  SCV  
  51  8:13  Starport Tech Lab  
  51  8:15  SCV  
  52  8:20  SCV  
  53  8:32  SCV  
  54  8:34  SCV  
  54  8:40  Missile Turret  
  55  8:43  Missile Turret  
  55  8:44  SCV  
  55  8:45  Corvid Reactor  
  55  8:46  SCV  
  57  8:49  Raven  
  59  8:56  SCV  
  59  8:58  Starport  
  59  9:01  Starport  
  60  9:08  Starport  
  60  9:26  SCV  
  61  9:32  Raven  
  61  9:35  Missile Turret  
  61  9:37  Missile Turret  
  61  9:38  SCV  
  64  9:50  SCV  
  65  9:55  Command Center  
  65  9:58  Refinery  
  65  10:01  Starport Tech Lab x3  
  65  10:02  SCV  
  66  10:14  SCV  
  66  10:15  Supply Depot  
  67  10:39  Supply Depot  
  67  10:40  Refinery  
  67  10:44  Missile Turret  
  67  10:48  Missile Turret  
  67  10:50  Raven  
  67  10:51  Raven x3  
  75  11:06  Starport  
  75  11:10  Starport  
  75  11:16  Planetary Fortress  
  75  11:29  Missile Turret  
  75  11:31  Missile Turret  
  75  11:33  Raven  
  75  11:34  Raven x3  
  75  11:37  Missile Turret  
  83  11:50  Starport Reactor  
  83  11:51  Starport Reactor  
  83  12:06  Supply Depot  
  83  12:16  Viking  
  83  12:17  Viking x2  
  89  12:37  Orbital Command  
  89  12:48  SCV  
  90  13:00  SCV  
  91  13:12  SCV  
  92  13:14  Raven x4  
  92  13:15  Viking x3  
  92  13:16  Viking  
  108  13:24  SCV  
  108  13:25  Supply Depot  
  109  13:34  Armory  
  109  13:36  SCV  
  109  13:37  Armory  
  110  13:45  Viking x3  
  110  13:46  Viking  
  118  13:57  Viking x3  
  124  14:22  Supply Depot  
Show
View Real Time Build Order
Export as new Build Order

tomski Protoss - Winner!

Build Orders: Nexus First 

Get SALT Encoding   

  12  0:25  Assimilator  
  12  0:45  Nexus  
  12  0:55  Pylon  
  12  1:14  Gateway  
  12  1:30  Probe  
  13  1:38  Assimilator  
  13  1:56  Probe  
  14  2:05  Cybernetics Core  
  14  2:13  Forge  
  14  2:28  Probe  
  15  2:40  Probe  
  15  2:44  Probe  
  17  2:52  Probe  
  17  2:58  Stargate  
  18  3:02  Probe  
  18  3:04  Probe  
  20  3:14  Probe  
  20  3:16  Probe  
  22  3:46  Nexus  
  22  3:59  Stargate  
  22  4:03  Assimilator  
  22  4:10  Probe  
  22  4:11  Probe  
  24  4:22  Probe  
  24  4:23  Probe  
  26  4:35  Probe x2  
  28  4:47  Probe x2  
  30  4:59  Probe x2  
  32  5:00  Void Ray  
  36  5:11  Probe x2, Void Ray  
  42  5:23  Probe  
  42  5:24  Probe  
  44  5:29  Assimilator  
  44  5:36  Probe  
  44  5:41  Probe  
  46  5:42  Void Ray  
  46  5:48  Probe  
  51  5:54  Probe  
  52  6:00  Probe  
  52  6:03  Protoss Air Weapons Level 1  
  53  6:08  Pylon  
  53  6:10  Stargate  
  53  6:19  Pylon  
  53  6:24  Pylon  
  53  6:26  Probe x2  
  53  6:32  Pylon  
  55  6:38  Probe x2  
  57  6:41  Probe  
  57  6:43  Fleet Beacon  
  58  6:47  Stargate  
  58  6:53  Probe  
  59  6:55  Robotics Facility  
  59  7:05  Probe  
  60  7:09  Stargate  
  60  7:11  Assimilator  
  60  7:13  Void Ray  
  64  7:18  Probe  
  64  7:21  Stargate  
  65  7:23  Assimilator  
  65  7:30  Probe, Stargate  
  66  7:39  Probe, Stargate  
  66  7:42  Probe  
  68  7:51  Probe  
  68  7:54  Probe  
  68  7:55  Carrier  
  68  7:57  Protoss Air Armor Level 1  
  76  8:03  Probe, Observer  
  78  8:06  Probe  
  79  8:15  Pylon, Probe  
  79  8:18  Probe  
  81  8:21  Pylon  
  81  8:23  Shield Battery  
  81  8:24  Observer  
  82  8:34  Pylon  
  82  8:40  Pylon  
  82  8:44  Pylon  
  82  8:49  Pylon  
  82  8:52  Pylon, Carrier  
  82  8:53  Carrier  
  82  8:54  Carrier  
  100  9:04  Pylon  
  100  9:07  Pylon  
  100  9:11  Carrier  
  100  9:14  Pylon  
  106  9:17  Pylon  
  106  9:22  Pylon, Carrier  
  112  9:28  Pylon  
  112  9:32  Pylon  
  112  9:38  Pylon  
  112  9:47  Carrier  
  118  9:57  Photon Cannon  
  118  10:02  Photon Cannon  
  118  10:05  Photon Cannon  
  118  10:10  Photon Cannon  
  118  10:17  Protoss Air Armor Level 2  
  118  10:21  Photon Cannon  
  118  10:29  Photon Cannon  
  118  10:37  Carrier  
  124  10:57  Carrier  
  124  10:59  Carrier  
  136  11:12  Nexus  
  136  11:15  Assimilator  
  136  11:20  Assimilator  
  136  11:26  Pylon  
  136  11:30  Pylon  
  136  11:32  Carrier  
  142  11:46  Carrier  
  148  12:07  Carrier  
  154  12:09  Carrier  
  154  12:12  Carrier  
  166  12:26  Carrier  
  172  12:32  Protoss Air Weapons Level 2  
  172  12:38  Carrier  
  178  12:48  Carrier  
  184  13:03  Carrier  
  190  13:26  Carrier  
Tags
 
Add a new tag
Caveats
  • Supply blocks, unpowered buildings, or Contaminate may cause inaccurate times.
  • Supply counts are checked every 10 seconds.